 Dungeon Crawl Stone Soup version 0.29-a0-1008-g949cc1d0fb (webtiles) character file.

Game seed: 8253958874288305376

846 vurker the Skirmisher (level 7, -5/64 HPs)
             Began as a Minotaur Hunter on Aug 7, 2022.
             Slain by Edmund
             ... wielding a +2 flail of protection
              (7 damage)
             ... on level 4 of the Dungeon.
             The game lasted 00:04:32 (4346 turns).

vurker the Skirmisher (Minotaur Hunter)             Turns: 4346, Time: 00:04:33

Health: -5/64      AC:  7    Str: 24    XL:     7   Next: 68%
Magic:  7/15       EV: 12    Int:  6    God:
Gold:   224        SH:  0    Dex: 13    Spells: 6/6 levels left

rFire   . . .      SeeInvis .   k - +6 whip of Barnacled Valiance {venom, rC+ MP+9}
rCold   + . .      Faith    .   (no shield)
rNeg    . . .      Spirit   .   c - +0 leather armour
rPois   .          Reflect  .   (helmet restricted)
rElec   .          Harm     .   (no cloak)
rCorr   .          Rampage  .   (no gloves)
Will    .....                   (no boots)
Stlth   +.........              (no amulet)
HPRegen 0.20/turn               i - +6 ring of strength
MPRegen 0.14/turn               h - +4 ring of protection

@: no status effects
A: horns 2, retaliatory headbutt
a: no special abilities


You were on level 4 of the Dungeon.
You visited 1 branch of the dungeon, and saw 5 of its levels.

You collected 224 gold pieces.

Inventory:

Hand Weapons
 a - a +0 shortbow
 k - the +6 whip of Barnacled Valiance (weapon) {venom, rC+ MP+9}
   (You found it on level 3 of the Dungeon)

   It poisons the flesh of those it strikes.
   rC:        It protects you from cold.
   MP:        It affects your magic capacity (+9).
Armour
 c - a +0 leather armour (worn)
Jewellery
 f - the ring "Emusma" {Ice rElec rPois Will+ Int-4}
   (You found it on level 4 of the Dungeon)

   [ring of ice]

   It enhances your ice magic.
   Int:       It affects your intelligence (-4).
   rF:        It makes you vulnerable to fire.
   rC:        It protects you from cold.
   rElec:     It insulates you from electricity.
   rPois:     It protects you from poison.
   Will:      It increases your willpower.
 g - a ring of positive energy
   (You found it on level 1 of the Dungeon)
 h - a +4 ring of protection (right hand)
   (You found it on level 2 of the Dungeon)
 i - a +6 ring of strength (left hand)
   (You found it on level 2 of the Dungeon)
Wands
 t - a wand of flame (16)
   (You found it on level 3 of the Dungeon)
Scrolls
 b - 2 scrolls of immolation
 e - a scroll of teleportation {unknown}
 j - a scroll of fear {unknown}
 p - 2 scrolls of identify {unknown}
 q - a scroll of enchant armour {unknown}
 r - a scroll of amnesia {unknown}
Potions
 d - a potion of curing {unknown}
 l - a potion of lignification {unknown}
 m - a potion of resistance {unknown}
 n - a potion of flight {unknown}
 o - a potion of mutation {unknown}


   Skills:
 + Level 6.4 Fighting
 * Level 9.0 Ranged Weapons
 - Level 2.1 Dodging
 - Level 0.7 Stealth


You had 6 spell levels left.
You didn't know any spells.
Your spell library contained the following spells:

 Spells                   Type           Power      Damage    Failure   Level
 Sting                    Tmut/Pois      0%         1d3       50%         1
 Blink                    Tloc           0%         N/A       65%         2
 Ensorcelled Hibernation  Hex/Ice        0%         N/A       65%         2
 Poisonous Vapours        Pois/Air       0%         N/A       65%         2
 Sublimation of Blood     Necr           0%         N/A       65%         2
 Lesser Beckoning         Tloc           0%         N/A       86%         3
 Spider Form              Tmut/Pois      0%         N/A       86%         3
 Anguish                  Hex/Necr       0%         N/A       99%         4
 Olgreb's Toxic Radiance  Pois           0%         N/A       99%         4
 Petrify                  Tmut/Erth      0%         N/A       99%         4
 Irradiate                Conj/Tmut      0%         3d11      100%        5
 Manifold Assault         Tloc           0%         N/A       100%        5


Dungeon Overview and Level Annotations

Branches:
Dungeon (5/15)
 Temple: D:4-7

Altars:
Elyvilon
Okawaru

Shops:
D:4 *:=

Annotations:
D:3 3 runed translucent doors, Anon1729's ghost, weakling MiMo; gabibbone's ghost, amateur TrTm; leavemydog's ghost, amateur HOFi; stringoo's ghost, amateur OpFi
D:4 Edmund


Innate Abilities, Weirdness & Mutations

You have a pair of horns on your head.
You reflexively headbutt those who attack you in melee.


Message History

Fire: a) +0 shortbow
Aim: a jelly (moderately wounded, 91% to hit)
You shoot an arrow. The arrow hits the jelly!
The hound bites you. The jelly hits you.
You are splashed with acid!
* * * LOW HITPOINT WARNING * * *
Fire: a) +0 shortbow
Aim: a jelly (severely wounded, 91% to hit)
You shoot an arrow. The arrow hits the jelly.
The hound bites you.
* * * LOW HITPOINT WARNING * * *
The jelly hits you.
* * * LOW HITPOINT WARNING * * *
You are splashed with acid!
* * * LOW HITPOINT WARNING * * *
Edmund asks, "Have you met my wondrous brother?"
The hound bites you.
* * * LOW HITPOINT WARNING * * *
Fire: a) +0 shortbow
Aim: a jelly (almost dead, 91% to hit)
You shoot an arrow. The arrow hits the jelly.
You kill the jelly!
The hound bites you.
* * * LOW HITPOINT WARNING * * *
The hound bites you.
* * * LOW HITPOINT WARNING * * *
The +6 whip of Barnacled Valiance {venom, rC+ MP+9} begins to drip with poison!
k - the +6 whip of Barnacled Valiance (weapon)
{venom, rC+ MP+9} You hit the hound.
The hound is poisoned.
The hound bites you but does no damage. The hound bites you.
* * * LOW HITPOINT WARNING * * *
Unknown command.
You hit the hound.
The hound looks as sick as possible!
The hound bites you.
* * * LOW HITPOINT WARNING * * *
The hound closely misses you. You furiously retaliate!
You headbutt the hound. You closely miss the hound. The hound misses you.
You whack the hound!
You kill the hound!
Your Ranged Weapons skill increases to level 9!
You hit Edmund.
Edmund is poisoned.
Edmund hits you with a +2 flail of protection.
* * * LOW HITPOINT WARNING * * *
You hit Edmund but do no damage.
Edmund looks even sicker.
Edmund completely misses you.
You hit Edmund but do no damage.
Edmund looks as sick as possible!
Edmund hits you with a +2 flail of protection.
* * * LOW HITPOINT WARNING * * *
You hit Edmund.
Edmund looks as sick as possible!
Your headbutt misses Edmund.
You are no longer corroded.
Edmund hits you with a +2 flail of protection!
You die...

...##.#.####....##.#
#...####.###...###.#
##♣.♣ ##......# #.#
###)####.####..# #.#
......#........# #.#
######.#.#####.# #.#
######.#.## #.# #.#
..........####.###.#
.#####..........@@.#
.# ###..####.#####
.# #..# #.#
.#######..# #.#
.......#..# #.#
.#####.#..####.##
.#####..).......##
..........#####..#
..######.## ##.##


You could see Edmund (extremely poisoned).

Vanquished Creatures
  Grinder (D:4)
  A phantom (D:4)
  2 scorpions (D:4)
  2 hounds
  2 jellies (D:4)
  An orc priest (D:3)
  Ijyb (D:3)
  Terence (D:3)
  An iguana (D:4)
  An orc wizard (D:3)
  4 gnolls (D:4)
  9 adders
  An ufetubus (D:4)
  2 worms
  3 dart slugs
  7 orcs
  2 endoplasms (D:4)
  4 giant cockroaches
  6 goblins
  8 hobgoblins
  5 jackals
  3 ball pythons
  9 bats
  3 frilled lizards
  7 kobolds
  9 rats
95 creatures vanquished.

Vanquished Creatures (others)
  4 plants (D:4)
4 creatures vanquished.

Grand Total: 99 creatures vanquished

Notes
Turn   | Place    | Note
-------+----------+-------------------------------------------
     0 | D:1      | vurker the Minotaur Hunter began the quest for the Orb.
     0 | D:1      | Reached XP level 1. HP: 18/18 MP: 0/0
   188 | D:1      | Reached XP level 2. HP: 25/25 MP: 1/1
   377 | D:1      | Reached skill level 5 in Ranged Weapons
   738 | D:2      | Reached XP level 3. HP: 31/31 MP: 2/2
  1004 | D:2      | Found an iron altar of Okawaru.
  1239 | D:3      | Identified the +6 whip of Barnacled Valiance {venom, rC+
                  | MP+9}
  1325 | D:3      | Reached XP level 4. HP: 38/38 MP: 3/3
  1444 | D:3      | Reached skill level 6 in Ranged Weapons
  1505 | D:3      | Found a runed translucent gate.
  1508 | D:3      | Noticed leavemydog's ghost (amateur HOFi)
  1510 | D:3      | Found a runed translucent gate.
  1511 | D:3      | Found a runed translucent gate.
  1511 | D:3      | Noticed Anon1729's ghost (weakling MiMo)
  1512 | D:3      | Noticed gabibbone's ghost (amateur TrTm)
  1514 | D:3      | Noticed stringoo's ghost (amateur OpFi)
  1586 | D:3      | Reached XP level 5. HP: 27/46 MP: 4/4
  1785 | D:3      | Noticed Ijyb
  1798 | D:3      | Killed Ijyb
  2097 | D:3      | Found a faded altar of an unknown god.
  2375 | D:3      | Noticed Terence
  2393 | D:3      | Killed Terence
  2394 | D:3      | Reached skill level 7 in Ranged Weapons
  2906 | D:4      | Reached XP level 6. HP: 55/55 MP: 5/5
  2975 | D:4      | Reached skill level 5 in Fighting
  3347 | D:4      | Found a white marble altar of Elyvilon.
  3393 | D:4      | Noticed Grinder
  3397 | D:4      | Paralysed by Grinder for 5 turns
  3410 | D:4      | Killed Grinder
  3411 | D:4      | Reached skill level 8 in Ranged Weapons
  3411 | D:4      | Reached XP level 7. HP: 44/62 MP: 6/6
  3911 | D:4      | Identified the ring "Emusma" {Ice rElec rPois Will+ Int-4}
  3922 | D:4      | Found Gur Ito's Book Emporium.
  4001 | D:4      | Found Icoyllug's Mass Market.
  4050 | D:4      | Found Hurruonn's Jewellery Shop.
  4328 | D:5      | Entered Level 5 of the Dungeon
  4328 | D:5      | Noticed Edmund
  4343 | D:4      | Reached skill level 9 in Ranged Weapons
  4343 | D:4      | HP: 2/64 [Edmund/+2 flail of protection (4)]
  4346 | D:4      | Slain by Edmund

Illustrated notes

Levels and vault maps discovered:
D:1:      sevenhm_arrival_forest_fort_large_2, layout_rooms, patterned_corridor
D:2:      minmay_wonky_spiral, layout_rooms, basic_altar
D:3:      minmay_recursive_quarters, layout_loops_corners,
          hellmonk_ecumenical_altar_inner_sanctum, gammafunk_ghost_cemetery,
          uniq_terence, uniq_ijyb
D:4:      layout_loops_ring, nicolae_elyvilon_temple_path, serial_shops,
          shop_statue, nicolae_shop_trees, minmay_shop_mass, grunt_ministairs_8,
          fountainhead, uniq_grinder
D:5:      layout_cave_pods, serial_column_ruins, column_ruins_grid_1,
          column_ruins_grid_1, column_ruins_grid_4, column_ruins_open_medium,
          nicolae_shop_dragon_depot, chequers_mini_garden,
          kennysheep_generic_room_11, uniq_blork_the_orc, uniq_eustachio,
          uniq_edmund, uniq_prince_ribbit1, uniq_duvessa

Skill      XL: |  1  2  3  4  5  6  7 |
---------------+----------------------+-----
Ranged Weapons | 5 6 7 8 9 |  9.0
Fighting       | 3 4 5 6 |  6.4
Dodging        | |  2.1
Stealth        | |  0.7

Action                   |  1- 3 |  4- 6 |  7- 9 || total
-------------------------+-------+-------+-------++-------
Melee: Whip              |       |     7 |     8 ||    15
       Headbutt          |       |     1 |       ||     1
 Fire: Shortbow          |    99 |   171 |    75 ||   345
  Use: Potion            |       |     1 |     1 ||     2
Armor: Leather armour    |    14 |    37 |    13 ||    64
Dodge: Dodged            |    39 |    66 |    41 ||   146

Table legend: (Time is in decaauts)
 A = Elapsed time spent in this place.
 B = Non-inter-level travel time spent in this place.
 C = Inter-level travel time spent in this place.
 D = Time resting spent in this place.
 E = Time spent auto-exploring this place.
 F = Levels seen in this place.
 G = Mean time per level.
                   A        B        C        D        E       F      G
               +--------+--------+--------+--------+--------+-----+--------+
         Total |   4407 |   4286 |    121 |      0 |   3632 |   5 |  881.4 |
       Dungeon |   4407 |   4286 |    121 |      0 |   3632 |   5 |  881.4 |
               +--------+--------+--------+--------+--------+-----+--------+

Top non-repeatable levels by time:
     D:3: 1704 daAuts
     D:4: 1468 daAuts
     D:1: 748 daAuts
     D:2: 480 daAuts
     D:5: 5 daAuts
